 Dungeon Crawl Stone Soup version 0.31-a0-844-gdc52ec4e09 (webtiles) character file.

Game seed: 4050899094169437750

551 Bravepunisher the Ducker (level 7, -3/39 HPs)
             Began as a Spriggan Monk on Sept 29, 2023.
             Slain by a gnoll
             ... wielding a +0 halberd
             ... led by a gnoll bouda
              (13 damage)
             ... on level 7 of the Dungeon.
             The game lasted 00:08:12 (2168 turns).

Bravepunisher the Ducker (Spriggan Monk)            Turns: 2168, Time: 00:08:13

Health: -3/39      AC:  2    Str:  7    XL:     7   Next: 7%
Magic:  8/8        EV: 22    Int: 11    God:
Gold:   81         SH:  0    Dex: 20    Spells: 6/6 levels left

rFire   + . .        k - +6 mace of the Burning Shrike {freeze, rN+}
rCold   . . .        (no shield)
rNeg    + . .        b - +0 robe
rPois   .            (helmet restricted)
rElec   .            (no cloak)
rCorr   .            (gloves unavailable)
SInv    +            (boots unavailable)
Will    +....        (no amulet)
Stlth   ++           i - ring of protection from fire
HPRegen 0.26/turn    (no ring)
MPRegen 0.11/turn

%: no passive effects
@: very quick
A: very small, no large weapons, unfitting armour, see invisible, speed 3
a: no special abilities


You were on level 7 of the Dungeon.
You visited 1 branch of the dungeon, and saw 7 of its levels.

You collected 81 gold pieces.

Inventory:

Hand Weapons
 a - a +0 short sword
 k - the +6 mace of the Burning Shrike (weapon) {freeze, rN+}
   (You found it on level 3 of the Dungeon)

   rN+:       It protects you from negative energy.
Missiles
 q - 2 throwing nets
Armour
 b - a +0 robe (worn)
 v - a +0 buckler
Jewellery
 i - a ring of protection from fire (left hand)
Wands
 p - a wand of acid (6)
 s - a wand of flame (14)
Scrolls
 d - a scroll of brand weapon {unknown}
 g - 3 scrolls of teleportation {unknown}
 h - a scroll of immolation {unknown}
 m - a scroll of poison {unknown}
 n - a scroll of amnesia {unknown}
 r - a scroll of identify {unknown}
 t - a scroll of fog {unknown}
 u - a scroll of enchant armour {unknown}
Potions
 c - a potion of ambrosia
 e - 2 potions of curing {unknown}
 f - 3 potions of mutation {unknown}
 j - 2 potions of cancellation {unknown}
 l - 2 potions of degeneration {unknown}
 o - a potion of resistance {unknown}


   Skills:
 * Level 5.7 Fighting
 - Level 3.2 Short Blades
 + Level 6.9 Dodging


You had 6 spell levels left.
You didn't know any spells.
Your spell library was empty.

Dungeon Overview and Level Annotations

Branches:
Dungeon (7/15)
 Temple: D:4-7

Altars:

Portals:
Bailey: D:7

Annotations:
D:3 Natasha


Innate Abilities, Weirdness & Mutations

You are very small and have problems with some larger weapons.
You are too small for most types of armour.
You have supernaturally acute eyesight. (SInv)
You cover ground extremely quickly. (Speed+++)


Message History

Found a scroll labelled EHYEZX UNAOHE.
Found 5 poisoned darts.
Found a stone staircase leading down.
A phantom comes into view.
You sock the phantom!
The phantom is moderately damaged.
The phantom hits you.
You thump the phantom!
The phantom is severely damaged.
The phantom barely misses you.
You closely miss the phantom.
The phantom is severely damaged.
The phantom completely misses you. The phantom misses you.
You hit the phantom.
The phantom is almost destroyed.
You hear the steady creaking of a very distant portcullis.
The phantom hits you.
The phantom blinks!
You blink.
An acid dragon comes into view.
The acid dragon roars!
The phantom closely misses you. The phantom attacks as it pursues you!
The phantom misses you.
The acid dragon roars!
The acid dragon spits acid at you. The splash of acid hits you!!
Ouch! That really hurt!
* * * LOW HITPOINT WARNING * * *
The acid corrodes you!
Found a dagger.
You are no longer corroded.
You see here a +0 dagger.
Found a long sword.
You see here a +0 long sword.
A gnoll comes into view. It is wielding a +0 halberd.
The gnoll shouts!
You hear a shout! x3
You see here a +0 long sword.
You start resting.
There are monsters nearby!
The gnoll completely misses you.
You see here a +0 long sword.
The gnoll hits you with a +0 halberd!
You die...

#>.....(..........
####.......######
### ######### ..#
#.# #.# #.#
#g###### ##########
#.@)...# #.........
######.###)########
#..W..# #######


You could see a gnoll.

Vanquished Creatures
  A phantom (D:5)
  A kobold brigand (D:5)
  A bullfrog (D:6)
  A scorpion (D:7)
  A howler monkey (D:5)
  2 hounds (D:5)
  An iguana (D:5)
  4 orc wizards (D:5)
  2 gnolls (D:7)
  An adder (D:4)
  2 dart slugs
  6 orcs
  An endoplasm (D:4)
  3 giant cockroaches
  2 goblins
  2 hobgoblins (D:4)
  4 kobolds (D:5)
  A quokka (D:2)
  A ball python (D:3)
  2 frilled lizards (D:5)
  3 rats
42 creatures vanquished.

Notes
Turn   | Place    | Note
-------+----------+-------------------------------------------
     0 | D:1      | Bravepunisher the Spriggan Monk began the quest for the
                  | Orb.
     0 | D:1      | Reached XP level 1. HP: 11/11 MP: 2/2
   176 | D:2      | Reached XP level 2. HP: 13/16 MP: 3/3
   213 | D:3      | Identified the +6 mace of the Burning Shrike {freeze, rN+}
   234 | D:3      | Noticed Natasha
   306 | D:4      | Noticed a wight
   324 | D:4      | Noticed a howler monkey
   347 | D:4      | Noticed a wight
   349 | D:4      | Noticed a wight
   349 | D:4      | Noticed a wight
   349 | D:4      | Noticed a wight
   615 | D:5      | Entered Level 5 of the Dungeon
   727 | D:5      | Noticed a phantom
   758 | D:5      | Reached XP level 3. HP: 19/20 MP: 4/4
   764 | D:5      | Killed a phantom
   765 | D:5      | Reached skill level 5 in Dodging
   765 | D:5      | Reached XP level 4. HP: 13/25 MP: 5/5
   967 | D:6      | Noticed a troll
  1088 | D:5      | Reached XP level 5. HP: 20/29 MP: 6/6
  1222 | D:5      | Reached skill level 6 in Dodging
  1266 | D:5      | Reached XP level 6. HP: 34/35 MP: 7/7
  1367 | D:5      | Reached skill level 5 in Fighting
  1635 | D:6      | Noticed a sky beast
  1723 | D:7      | Found a flagged portal.
  1855 | D:7      | Noticed a hornet
  1913 | D:7      | Reached XP level 7. HP: 10/39 MP: 8/8
  2168 | D:7      | Slain by a gnoll

Illustrated notes

Levels and vault maps discovered:
D:1:      heliophobic_arrival_enchanted_forest, layout_loops_ring, serial_shops,
          shop, minmay_misc_feat_doors
D:2:      layout_basic, shapermc_ecumenical_altar_gd, minmay_joined_circles
D:3:      layout_loops_ring, nicolae_the_louvre, uniq_natasha
D:4:      layout_basic, uniq_blork_the_orc
D:5:      layout_cave_pods, lexackson_kobold_supper
D:6:      lemuel_ice_spiral_2, layout_basic, minmay_temple_entry_proselytizer,
          uniq_crazy_yiuf_cottage
D:7:      layout_basic, lightli_bailey_entry_fortress, serial_shops, shop,
          lightli_church_of_beogh

Skill      XL: |  1  2  3  4  5  6 |
---------------+-------------------+-----
Fighting       | 3 4 5 |  5.7
Dodging        | 5 6 |  6.9
Short Blades   | |  3.2

Action                     |  1- 3 |  4- 6 |  7- 9 || total
---------------------------+-------+-------+-------++-------
  Melee: Short sword       |    27 |       |       ||    27
         Mace              |    27 |    81 |     4 ||   112
         Punch             |       |     1 |       ||     1
   Stab: Sleeping          |     1 |     1 |       ||     2
 Armour: Robe              |    13 |    37 |     4 ||    54
  Dodge: Dodged            |    36 |    97 |     6 ||   139

Table legend: (Time is in decaauts)
 A = Elapsed time spent in this place.
 B = Non-inter-level travel time spent in this place.
 C = Inter-level travel time spent in this place.
 D = Time resting spent in this place.
 E = Time spent auto-exploring this place.
 F = Levels seen in this place.
 G = Mean time per level.
                   A        B        C        D        E       F      G
               +--------+--------+--------+--------+--------+-----+--------+
         Total |   1573 |   1540 |     33 |    168 |    593 |   7 |  224.7 |
       Dungeon |   1573 |   1540 |     33 |    168 |    593 |   7 |  224.7 |
               +--------+--------+--------+--------+--------+-----+--------+

Top non-repeatable levels by time:
     D:5: 612 daAuts
     D:7: 323 daAuts
     D:4: 295 daAuts
     D:6: 152 daAuts
     D:1: 102 daAuts
     D:3: 44 daAuts
     D:2: 42 daAuts
